 Dungeon Crawl Stone Soup version 0.17.0-28-g6e173f8 (webtiles) character file.

452 M4edhros the Covert (level 7, 0/45 HPs)
             Began as an Octopode Wanderer on Nov 25, 2015.
             Slain by an ice beast (9 damage)
             ... on level 6 of the Dungeon.
             The game lasted 00:03:20 (2324 turns).

M4edhros the Covert (Octopode Wanderer)             Turns: 2324, Time: 00:03:20

Health: 0/45       AC:  1    Str: 12    XL:     7   Next: 5%
Magic:  7/7        EV: 11    Int: 13    God:
Gold:   113        SH:  0    Dex: 14    Spells: 0 memorised, 6 levels left

rFire  . . .     SeeInvis .     s - +3 short sword (holy)
rCold  . . .     Clarity  .     (no shield)
rNeg   . . .     SustAt   .     (helmet restricted)
rPois  .         Gourm    .     (no amulet)
rElec  .         Spirit   .     (no ring)
rCorr  .         Warding  .     (no ring)
rMut   .         Stasis   .     (no ring)
MR     .....                    (no ring)
Stlth  ++++++....               (no ring)
                                (no ring)
                                (no ring)
                                (no ring)

@: not resistant to hostile enchantments, very stealthy
A: almost no armour, amphibious, 8 rings, constrict 8, camouflage 1, gelatinous
body 1
a: no special abilities


You were on level 6 of the Dungeon.
You were very hungry.

You visited 1 branch of the dungeon, and saw 6 of its levels.

You collected 113 gold pieces.

Inventory:

Hand Weapons
 a - a +2 hand axe
 d - a +0 dagger
 g - a +2 dagger of speed
 r - a +0 hunting sling
 s - a +3 short sword of holy wrath (weapon)
Missiles
 c - 10 sling bullets
 m - a stone (quivered)
Wands
 i - a wand of slowing (19)
Scrolls
 b - 2 scrolls of teleportation
 h - a scroll of magic mapping {unknown}
 j - 4 scrolls of remove curse {unknown}
 l - a scroll of fog {unknown}
 n - a scroll of enchant armour {unknown}
 o - a scroll of enchant weapon {unknown}
 t - a scroll of identify {unknown}
Potions
 p - a potion of brilliance {unknown}
 q - a potion of degeneration {unknown}
Comestibles
 e - 2 bread rations
 f - 2 meat rations
 k - a beef jerky


   Skills:
 - Level 2.0 Fighting
 - Level 2.0 Axes
 + Level 3.0(3.1) Slings
 - Level 1.0(2.1) Throwing
 + Level 9.8 Stealth
 - Level 2.0 Unarmed Combat


You had 6 spell levels left.
You didn't know any spells.

Dungeon Overview and Level Annotations

Branches:
Dungeon (6/15)
 Temple: D:4-7

Altars:
Dithmenos
Gozag
Makhleb
Qazlal
Sif Muna
Trog
Yredelemnul

Shops:
D:5 %


Innate Abilities, Weirdness & Mutations

You cannot wear most types of armour.
You are amphibious.
You can wear up to eight rings at the same time.
You can use your tentacles to constrict eight enemies at once.
Your skin changes colour to match your surroundings (Stealth).
Your rubbery body absorbs attacks (AC +1).


Message History

Found a scroll labeled TOYS JABEUMN.
Found 5 gold pieces.
The helpless ice beast fails to defend itself.
You impale the ice beast!!
You squeeze the ice beast, but do no damage.
The ice beast is severely wounded.
The ice beast hits you. The ice beast freezes you!
Wield which item (- for none, * to show all)? (? for menu, Esc to quit)
Okay, then.
You hit the ice beast. You tentacle-slap the ice beast.
The ice beast is almost dead.
The ice beast hits you. The ice beast freezes you!
* * * LOW HITPOINT WARNING * * *
You are too injured to fight recklessly!
You closely miss the ice beast.
The ice beast is almost dead.
The ice beast hits you.
* * * LOW HITPOINT WARNING * * *
The ice beast freezes you!
You die...

# .# #$ .#
#..### #.##
......####..?##
........#.....##
#..........#
###Y#......#
..####.@#...#.
...........##
#.#####.####
.........#
...####..#
##..#####.#
#.........#
#.<.#######
.........#


You could see an ice beast.

Vanquished Creatures
  An ogre (D:4)
  A giant frog (D:5)
  A crimson imp (D:5)
  A giant frog zombie (D:5)
  A jelly (D:5)
  4 worker ants
  An iguana (D:5)
  2 adders
  2 worms
  3 giant geckos
  12 orcs
  3 bats
  2 giant cockroaches
  2 goblins (D:1)
  3 hobgoblins
  2 jackals (D:1)
  A kobold (D:2)
  2 quokkas
  A giant newt (D:3)
  A rat (D:1)
46 creatures vanquished.

Notes
Turn   | Place    | Note
--------------------------------------------------------------
     0 | D:1      | M4edhros the Octopode Wanderer began the quest for the Orb.
     0 | D:1      | M4edhros set off with: a +2 hand axe, a scroll of teleportation, a potion of curing, a +0 dagger, a bread ration
     0 | D:1      | Reached XP level 1. HP: 14/14 MP: 1/1
   405 | D:2      | Reached XP level 2. HP: 19/19 MP: 2/2
   488 | D:2      | Reached skill level 5 in Stealth
   648 | D:2      | Reached XP level 3. HP: 21/24 MP: 3/3
   729 | D:3      | Reached skill level 6 in Stealth
   815 | D:4      | Found a shadowy altar of Dithmenos.
   829 | D:4      | Reached XP level 4. HP: 7/29 MP: 4/4
  1028 | D:4      | Noticed an ogre
  1119 | D:4      | Noticed an ogre
  1129 | D:4      | Killed an ogre
  1129 | D:4      | Reached skill level 8 in Stealth
  1129 | D:4      | Reached XP level 5. HP: 21/34 MP: 5/5
  1323 | D:5      | Entered Level 5 of the Dungeon
  1478 | D:5      | Reached skill level 1 in Slings
  1478 | D:5      | Reached skill level 9 in Stealth
  1478 | D:5      | Reached XP level 6. HP: 18/39 MP: 6/6
  1918 | D:5      | Found a burning altar of Makhleb.
  1919 | D:5      | Found a deep blue altar of Sif Muna.
  1919 | D:5      | Found an opulent altar of Gozag.
  1919 | D:5      | Found a bloodstained altar of Trog.
  1926 | D:5      | Found a basalt altar of Yredelemnul.
  1926 | D:5      | Found a stormy altar of Qazlal.
  2237 | D:5      | Found Neinajy's Food Boutique.
  2237 | D:5      | Noticed a hungry ghost
  2242 | D:5      | Reached XP level 7. HP: 23/45 MP: 7/7
  2324 | D:6      | Slain by an ice beast

Action                   |  1- 3 |  4- 6 |  7- 9 || total
-------------------------+-------+-------+-------++-------
Melee: Hand axe          |     9 |       |       ||     9
       Dagger            |    40 |    72 |       ||   112
       Short sword       |       |    23 |     3 ||    26
 Fire: Hunting sling     |       |     3 |       ||     3
Throw: Throwing net      |       |     2 |       ||     2
  Use: Potion            |       |     5 |       ||     5
 Stab: Sleeping          |    10 |     3 |     1 ||    14
       Held in net/web   |       |     1 |       ||     1
  Eat: Chunk             |       |     4 |       ||     4
